 Dungeon Crawl Stone Soup version 0.31-a0-1218-gce794a2c1e (webtiles) character file.

Game seed: 7280774369612142216

1234 selen the Carver (level 8, -2/68 HPs)
             Began as a Merfolk Gladiator on Dec 13, 2023.
             Slain by a killer bee (4 damage)
             ... on level 5 of the Dungeon.
             The game lasted 00:08:33 (6651 turns).

selen the Carver (Merfolk Gladiator)                Turns: 6651, Time: 00:08:33

Health: -2/68      AC:  7    Str: 11 (13) XL:     8   Next: 48%
Magic:  8/8        EV: 14    Int:  5 (7)  God:
Gold:   149        SH:  0    Dex: 20 (21) Spells: 7/7 levels left

rFire   + . .        y - +1 scimitar of Qazlal's Respect {pain, rF+}
rCold   . . .        (no shield)
rNeg    . . .        A - +2 leather armour {rPois}
rPois   +            (helmet restricted)
rElec   .            (no cloak)
rCorr   .            (no gloves)
SInv    .            n - +1 pair of boots
Will    .....        (no amulet)
Stlth   +            (no ring)
HPRegen 0.31/turn    (no ring)
MPRegen 0.11/turn

%: no passive effects
@: mighty, lethally poisoned (-2 -> -3), invisible
A: (nimble swimmer 2), mertail, claws 1, horns 1, agile 1
a: no special abilities


You were on level 5 of the Dungeon.
You visited 1 branch of the dungeon, and saw 6 of its levels.

You collected 302 gold pieces.
You spent 153 gold pieces at shops.

Inventory:

Hand Weapons
 a - a +0 long sword
 y - the +1 scimitar of Qazlal's Respect (weapon) {pain, rF+}
   (You bought it in a shop on level 2 of the Dungeon)

   rF+:       It protects you from fire.
Missiles
 d - a throwing net (quivered)
 e - a javelin
Armour
 b - a +0 leather armour
 c - a +0 helmet
 j - a +0 leather armour
 n - a +1 pair of boots (worn)
 A - a +2 leather armour of poison resistance (worn)
Talismans
 h - a blade talisman
 v - a dragon-blood talisman
Wands
 w - a wand of iceblast (4)
Scrolls
 g - 2 scrolls of immolation {unknown}
 i - 6 scrolls of identify {unknown}
 o - 3 scrolls of torment {unknown}
 q - 2 scrolls of noise {unknown}
 t - a scroll of fear {unknown}
 u - 2 scrolls of enchant armour {unknown}
 B - a scroll of poison {unknown}
 C - a scroll of amnesia {unknown}
Potions
 f - a potion of mutation
 k - a potion of brilliance {unknown}
 l - 3 potions of might
 m - 2 potions of invisibility
 p - a potion of resistance {unknown}
 r - 2 potions of degeneration
 s - a potion of berserk rage {unknown}
 x - a potion of heal wounds {unknown}
 z - a potion of curing {unknown}
 D - a potion of magic {unknown}


   Skills:
 + Level 8.0 Fighting
 + Level 9.1 Long Blades
 - Level 2.0 Throwing
 - Level 4.1 Dodging


You had 7 spell levels left.
You didn't know any spells.
Your spell library contained the following spells:

 Spells                   Type           Power      Damage    Failure   Level
 Frozen Ramparts          Ice            0%         1d1       91%         3
 Petrify                  Tmut/Erth      0%         N/A       100%        4
 Summon Ice Beast         Ice/Summ       0%         N/A       100%        4
 Metabolic Englaciation   Hex/Ice        0%         N/A       100%        5
 Summon Mana Viper        Hex/Summ       0%         N/A       100%        5
 Monstrous Menagerie      Summ           0%         N/A       100%        7


Dungeon Overview and Level Annotations

Branches:
Dungeon (6/15)
 Temple: D:4-7

Altars:
Zin

Shops:
D:2 (


Innate Abilities, Weirdness & Mutations

((You are very nimble when in or above water. (Stealth+, EV+, Speed+++)))
Your lower body shifts to a powerful aquatic tail in water.
You have sharp fingernails.
You have a pair of small horns on your head.
You are agile. (Dex +4, Str/Int -1)


Message History

You feel very sick.
You feel very sick. The killer bee misses you.
You feel sick. The killer bee barely misses you.
The killer bee closely misses you.
You feel sick. The killer bee closely misses you.
You feel sick. The killer bee misses you.
The killer bee stings you but does no damage.
You feel sick.
The killer bee stings you but does no damage.
The killer bee closely misses you.
You feel sick. The killer bee misses you.
Okay, then.
Okay, then.
It was a potion of mutation.
You feel extremely strange.
Your fingernails lengthen.
A pair of horns grows on your head!
Your +0 helmet falls away!
You feel agile.
You feel sick. The killer bee barely misses you.
The killer bee completely misses you.
The killer bee stings you but does no damage.
The killer bee closely misses you. x2; The killer bee completely misses you.
Unknown command.
It was a potion of might.
You feel very mighty all of a sudden.
You feel sick. The killer bee completely misses you. The killer bee stings you.
* * * LOW HITPOINT WARNING * * *
The killer bee misses you. The killer bee completely misses you.
The killer bee barely misses you. The killer bee misses you.
It was a potion of degeneration.
There was something very wrong with that liquid.
You feel weakened.
You feel dopey.
You feel clumsy.
You feel sick. The killer bee misses you. The killer bee stings you.
* * * LOW HITPOINT WARNING * * *
The killer bee stings you.
* * * LOW HITPOINT WARNING * * *
The killer bee stings you.
* * * LOW HITPOINT WARNING * * *
The killer bee stings you.
You die...

#.#.....'...♣♣♣♣♣♣...♣♣###.#
#.#.....#..♣♣ ♣♣♣♣♣ #...#
#.##########################
#....## #.......##...#
####..# #.......#>y.## ##.#
#..........## #.##
##..........###### #..##
#yyy....###......# ##..#
#@y.....# ######.#
##.###.......## #.#
#.##..##.....# #.#
#........#...# #..
#.......##...## ##.
#.......##....## ##
#.......##..#..# #
#.......##..##.#
##########..##.#####


You could see 4 killer bees.

Vanquished Creatures
  A steam dragon (D:5)
  A water moccasin (D:5)
  An ogre (D:3)
  A phantom (D:5)
  5 scorpions
  A howler monkey (D:5)
  2 orc priests (D:3)
  2 hounds
  A jelly (D:5)
  A sleepcap (D:4)
  Jessica (D:3)
  2 orc wizards (D:4)
  An iguana (D:4)
  4 gnolls (D:5)
  7 adders
  2 worms
  2 dart slugs
  21 orcs
  11 endoplasms
  5 giant cockroaches
  6 goblins
  4 hobgoblins
  5 jackals
  6 kobolds
  3 quokkas
  8 ball pythons
  7 bats
  2 frilled lizards
  6 rats
119 creatures vanquished.

Notes
Turn   | Place    | Note
-------+----------+-------------------------------------------
     0 | D:1      | selen the Merfolk Gladiator began the quest for the Orb.
     0 | D:1      | Reached XP level 1. HP: 16/16 MP: 1/1
   160 | D:1      | Reached XP level 2. HP: 23/23 MP: 2/2
   234 | D:1      | Reached skill level 4 in Long Blades
   455 | D:1      | Reached XP level 3. HP: 29/29 MP: 3/3
  1165 | D:2      | Found Kuasyer's Antique Weapon Emporium.
  1522 | D:3      | Found a glowing silver altar of Zin.
  1533 | D:3      | Noticed Jessica
  1552 | D:3      | Killed Jessica
  1553 | D:3      | Reached XP level 4. HP: 14/37 MP: 4/4
  1718 | D:3      | Reached skill level 5 in Long Blades
  1776 | D:3      | Noticed an ogre
  1785 | D:3      | Killed an ogre
  1786 | D:3      | Reached XP level 5. HP: 27/43 MP: 5/5
  2277 | D:3      | Reached skill level 6 in Long Blades
  2279 | D:3      | Reached XP level 6. HP: 15/50 MP: 6/6
  3286 | D:3      | Reached skill level 5 in Fighting
  4463 | D:2      | Bought a dazzling scimitar for 153 gold pieces
  4463 | D:2      | Identified the +1 scimitar of Qazlal's Respect {pain, rF+}
                  | (You bought it in a shop on level 2 of the Dungeon)
  4565 | D:4      | Reached skill level 7 in Long Blades
  4565 | D:4      | Reached XP level 7. HP: 57/57 MP: 7/7
  5108 | D:5      | Entered Level 5 of the Dungeon
  5344 | D:5      | Noticed a steam dragon
  5356 | D:5      | Killed a steam dragon
  5357 | D:5      | Reached skill level 8 in Long Blades
  5364 | D:5      | Reached XP level 8. HP: 43/67 MP: 8/8
  6083 | D:5      | Reached skill level 9 in Long Blades
  6255 | D:5      | Identified the +7 shortbow of Entrepreneurial Spirit
                  | {antimagic, rF+}
  6649 | D:5      | Gained mutation: You have sharp fingernails. [potion of
                  | mutation]
  6649 | D:5      | Gained mutation: You have a pair of small horns on your
                  | head. [potion of mutation]
  6649 | D:5      | Gained mutation: You are agile. (Dex +4, Str/Int -1)
                  | [potion of mutation]
  6651 | D:5      | HP: 2/68 [killer bee (2)]
  6651 | D:5      | Slain by a killer bee

Illustrated notes

Levels and vault maps discovered:
D:1:      nagdon_arrival_double_spiral, layout_loops_ring, st_stairs_12,
          kennysheep_nondescript, chequers_garden, hangedman_decor_lopped
D:2:      layout_basic, serial_shops, nicolae_shop_waterfront,
          chequers_serial_rivers_micro_e, grunt_ministairs_4
D:3:      layout_loops_cross, zin_academy, minmay_randomly_rotated_circles,
          uniq_jessica
D:4:      layout_gridville, minmay_increasing_density
D:5:      layout_rooms, gup_sewer_entry_spiral, nicolae_zen_rock_garden
D:6:      layout_basic, elyvilon_altar_1, nicolae_ru_awakened_eye,
          temple_fountains, serial_bayou_ford_a, lightli_minifort, uniq_jeremiah

Skill      XL: |  1  2  3  4  5  6  7  8 |
---------------+-------------------------+-----
Long Blades    | 4 5 6 7 8 9 |  9.1
Fighting       | 3 4 5 7 8 |  8.0
Throwing       | |  2.0
Dodging        | |  4.1

Action                     |  1- 3 |  4- 6 |  7- 9 || total
---------------------------+-------+-------+-------++-------
  Melee: Long sword        |   107 |   135 |       ||   242
         Punch             |     4 |     1 |     2 ||     7
         Scimitar          |       |     7 |   131 ||   138
  Throw: Throwing net      |     1 |     5 |     1 ||     7
         Javelin           |       |     1 |       ||     1
    Use: Potion            |       |       |     4 ||     4
   Stab: Sleeping          |     4 |     2 |       ||     6
         Held in net/web   |       |     1 |       ||     1
 Armour: Leather armour    |    47 |    69 |    93 ||   209
  Dodge: Dodged            |    74 |   102 |   103 ||   279

Table legend: (Time is in decaauts)
 A = Elapsed time spent in this place.
 B = Non-inter-level travel time spent in this place.
 C = Inter-level travel time spent in this place.
 D = Time resting spent in this place.
 E = Time spent auto-exploring this place.
 F = Levels seen in this place.
 G = Mean time per level.
                   A        B        C        D        E       F      G
               +--------+--------+--------+--------+--------+-----+--------+
         Total |   6665 |   6328 |    337 |   2095 |   3229 |   6 | 1110.8 |
       Dungeon |   6665 |   6328 |    337 |   2095 |   3229 |   6 | 1110.8 |
               +--------+--------+--------+--------+--------+-----+--------+

Top non-repeatable levels by time:
     D:3: 2474 daAuts
     D:4: 1721 daAuts
     D:5: 886 daAuts
     D:1: 827 daAuts
     D:2: 742 daAuts
     D:6: 12 daAuts
